 Dungeon Crawl Stone Soup version 0.28.0-43-g3370ac3207 (console) character file.

Game seed: 11736352752829446032

2111 Zeor the Archer (level 9, 0/74 HPs)
             Began as a Purple Draconian Hunter on Mar 16, 2022.
             Killed from afar by an orc wizard (2 damage)
             ... with a magic dart
             ... on level 7 of the Dungeon.
             The game lasted 00:22:52 (5618 turns).

Zeor the Archer (Purple Draconian Hunter)           Turns: 5618, Time: 00:22:53

Health: 0/74       AC: 13    Str: 14    XL:     9   Next: 8%
Magic:  9/9        EV: 14    Int: 12    God:
Gold:   123        SH:  5    Dex: 21    Spells: 8/8 levels left

rFire   . . .      SeeInvis .   b - +11 long sword {flame, *Slow rC+++ Dex+5}
rCold   + + +      Faith    .   (no shield)
rNeg    . . .      Spirit   .   (armour unavailable)
rPois   +          Reflect  +   (helmet restricted)
rElec   .          Harm     .   (no cloak)
rCorr   .          Rampage  .   n - +0 pair of gloves
Will    +....                   k - +0 pair of boots
Stlth   ++........              u - amulet of reflection
HPRegen 0.22/turn               j - +4 ring of protection
MPRegen 0.11/turn               f - ring of poison resistance

@: short of breath, hasted, very quick
A: breathe power, AC +7, unfitting armour, cold-blooded
a: Breathe Dispelling Energy


You were on level 7 of the Dungeon.
You visited 1 branch of the dungeon, and saw 7 of its levels.

You collected 271 gold pieces.
You spent 148 gold pieces at shops.

Inventory:

Hand Weapons
 a - a +1 shortbow
 b - the +11 long sword "Demon's Doom" (weapon) {flame, *Slow rC+++ Dex+5}
   (You found it on level 3 of the Dungeon)

   It burns those it strikes, dealing additional fire damage.
   Big, fiery blades are also staple armaments of hydra-hunters.
   Dex:       It affects your dexterity (+5).
   rC:        It renders you almost immune to cold.
   *Slow:     It may slow you when you take damage.
 m - a +0 short sword
 q - a +1 dagger of draining
 C - a +1 great sword of freezing
Missiles
 c - 10 arrows
 l - 75 bolts
Armour
 k - a +0 pair of boots (worn)
 n - a +0 pair of gloves (worn)
Jewellery
 e - a ring of protection from fire
 f - a ring of poison resistance (right hand)
 j - a +4 ring of protection (left hand)
 o - an amulet of regeneration
 t - a ring of positive energy
 u - an amulet of reflection (around neck)
 B - an amulet of faith
Wands
 s - a wand of paralysis (10)
Scrolls
 h - 3 scrolls of teleportation
 w - a scroll of blinking
 z - 2 scrolls of immolation
 A - a scroll of amnesia
Potions
 g - a potion of flight
 i - a potion of magic
 p - a potion of cancellation
 r - 4 potions of curing
 x - a potion of lignification {unknown}


   Skills:
 + Level 5.0 Fighting
 + Level 0.5(2.9) Short Blades
 + Level 4.5(4.6) Long Blades
 + Level 9.1 Bows
 * Level 3.6 Dodging
 + Level 2.0 Stealth
 + Level 1.1 Shields


You had 8 spell levels left.
You didn't know any spells.
Your spell library contained the following spells:

 Spells                   Type           Power      Damage    Failure   Level
 Airstrike                Air            0%         N/A       97%         4
 Summon Lightning Spire   Summ/Air       0%         N/A       97%         4
 Fireball                 Conj/Fire      0%         3d3       100%        5
 Lightning Bolt           Conj/Air       0%         1d11      100%        5
 Starburst                Conj/Fire      0%         6d3       100%        6
 Ignition                 Fire           0%         3d3       100%        8


Dungeon Overview and Level Annotations

Branches:
Dungeon (7/15)
 Temple: D:4-7

Altars:
Ashenzari
Cheibriados
Elyvilon
Makhleb
Nemelex Xobeh
Wu Jian
Zin
The Shining One

Shops:
D:4 ?

Annotations:
D:5 2 runed translucent doors, Orthodox's ghost, novice BaFi


Innate Abilities, Weirdness & Mutations

You can breathe bolts of dispelling energy.
Your rich purple scales are hard. (AC +7)
You cannot fit into any form of body armour.
You are cold-blooded and may be slowed by cold attacks.


Message History

Fire: 13 arrows
Press: ? - help, Q - select action, (/) - cycle Shift-Dir - straight line, f/p - orc
Aim: an orc, wielding a +0 club and wearing a +0 ring mail (70% to hit)
You shoot an arrow. The arrow hits the orc.
The orc is severely wounded.
Something hits you but does no damage.
Fire: 12 arrows
Press: ? - help, Q - select action, (/) - cycle Shift-Dir - straight line, f/p - orc
Aim: an orc, wielding a +0 club and wearing a +0 ring mail (severely wounded, 70% to hit)
You shoot an arrow.
Fire: 11 arrows
Press: ? - help, Q - select action, (/) - cycle Shift-Dir - straight line, f/p - orc
Aim: an orc, wielding a +0 club and wearing a +0 ring mail (severely wounded, 70% to hit)
You shoot an arrow.
Reactivating autopickup.
You feel a bit more experienced.
You feel agile.
The +11 long sword "Demon's Doom" {flame, *Slow rC+++ Dex+5} bursts into flame!
b - the +11 long sword "Demon's Doom" (weapon)
{flame, *Slow rC+++ Dex+5} Something hits you but does no damage.
Deactivating autopickup; reactivate with Ctrl-A.
You miss something.
Your tail-slap misses something.
Something hits you but does no damage.
You closely miss something. You hit something. You burn something.
You hear some strange, mumbled words.
A magic dart appears from out of thin air!
The magic dart hits you but does no damage.
You closely miss something.
Your tail-slap misses something.
Something hits you.
* * * LOW HITPOINT WARNING * * *
Aiming: Breathe Dispelling Energy (4% risk of failure)
Press: ? - help, Q - select action, (/) - cycle Shift-Dir - straight line, f/p - orc
Aim: an orc, wielding a +0 club and wearing a +0 ring mail (severely wounded, 59% to hit)
You breathe a bolt of dispelling energy.
The bolt of dispelling energy misses the orc.
You hear some strange, mumbled words.
A magic dart appears from out of thin air!
The magic dart hits you.
You die...

▒∙∙∙∙∙∙∙#o{{##∙∙∙▒
▒∙∙∙∙∙∙∙∙∙#∙#∙∙∙∙∙∙∙ ▒
▒∙∙∙∙∙∙∙####∙∙∙∙∙∙∙▒▒
∙∙∙∙∙∙∙∙∙∙∙∙##∙∙∙∙∙∙∙▒
▒▒∙∙▒∙∙∙y∙∙∙∙∙∙▒∙∙∙∙∙▒
∙∙▒∙▒▒∙∙o∙∙∙∙∙▒▒∙(∙∙∙▒
▒(∙∙∙▒▒▒▒▒∙∙∙∙▒▒∙∙∙∙∙▒
▒∙∙∙∙∙▒▒▒∙▒∙∙∙∙∙∙(∙∙∙
▒∙d{o∙∙∙∙∙∙∙
▒∙∙▒▒▒)∙∙∙▒▒∙∙ ▒▒
∙∙∙∙▒▒
∙∙∙∙∙∙∙▒∙▒▒∙∙∙∙∙
∙▒▒▒∙∙∙∙∙∙∙∙∙∙∙∙ ▒∙


∙∙∙∙∙∙∙∙∙∙∙∙ ∙ ∙∙∙∙(∙∙∙▒∙∙ ∙ ∙∙▒∙∙(∙∙(∙ ▒▒ ▒ ▒∙ ∙∙∙∙∙y∙∙∙▒▒▒▒∙∙ You could see an
orc.

Vanquished Creatures
  Menkaure (D:4)
  A water moccasin (D:6)
  An ice beast (D:6)
  A black bear (D:5)
  A necrophage (D:5)
  An ogre (D:5)
  A phantom (D:6)
  A bullfrog (D:7)
  4 scorpions
  5 killer bees (D:7)
  4 wights
  A howler monkey (D:6)
  A crimson imp (D:6)
  2 jellies
  4 orc priests
  2 hounds
  2 centaur skeletons
  5 iguanas
  A scorpion zombie (D:5)
  Ijyb (D:3)
  2 orc wizards
  A killer bee zombie (D:5)
  5 gnolls
  5 adders
  2 white imps
  An adder skeleton (D:4)
  3 worms (D:2)
  3 dart slugs
  12 orcs
  9 ball pythons
  7 endoplasms
  3 giant cockroaches
  12 goblins
  4 hobgoblins
  A quokka (D:4)
  3 bats
  3 frilled lizards (D:1)
  8 kobolds
  A rat (D:1)
125 creatures vanquished.

Notes
Turn   | Place    | Note
-------+----------+-------------------------------------------
     0 | D:1      | Zeor the Draconian Hunter began the quest for the Orb.
     0 | D:1      | Reached XP level 1. HP: 17/17 MP: 1/1
    33 | D:1      | Reached skill level 4 in Bows
    38 | D:1      | Reached XP level 2. HP: 21/24 MP: 2/2
   813 | D:1      | Reached XP level 3. HP: 29/29 MP: 3/3
  1673 | D:2      | Reached XP level 4. HP: 37/37 MP: 4/4
  2372 | D:3      | Reached skill level 1 in Stealth
  2378 | D:3      | Identified the +11 long sword "Demon's Doom" {flame, *Slow
                  | rC+++ Dex+5}
  2396 | D:3      | Reached skill level 5 in Bows
  2396 | D:3      | Noticed Ijyb
  2405 | D:3      | Killed Ijyb
  2514 | D:3      | Found a broken altar of Ashenzari.
  2517 | D:3      | Found an ornate altar of the Wu Jian Council.
  2663 | D:3      | You fall into a shaft and drop 1 floor!
  2883 | D:4      | Noticed a scorpion
  2888 | D:4      | Killed a scorpion
  2889 | D:4      | Reached XP level 5. HP: 39/45 MP: 5/5
  3081 | D:4      | Found Lutuk's Magic Scroll Shop.
  3084 | D:4      | Bought 3 scrolls of identify for 66 gold pieces
  3084 | D:4      | Bought a scroll of blinking for 82 gold pieces
  3218 | D:4      | Noticed Menkaure
  3274 | D:4      | Killed Menkaure
  3275 | D:4      | Reached skill level 1 in Long Blades
  3275 | D:4      | Reached skill level 6 in Bows
  3275 | D:4      | Reached XP level 6. HP: 30/51 MP: 6/6
  3913 | D:5      | Entered Level 5 of the Dungeon
  3913 | D:5      | Found a runed translucent door.
  3915 | D:5      | Noticed Orthodox's ghost (novice BaFi)
  3932 | D:5      | Found a sparkling altar of Nemelex Xobeh.
  4021 | D:5      | Your scales start taking on a rich purple colour.
  4021 | D:5      | Reached XP level 7. HP: 57/57 MP: 7/7
  4211 | D:5      | Reached skill level 7 in Bows
  4328 | D:5      | Found a runed translucent door.
  4599 | D:5      | Found a snail-covered altar of Cheibriados.
  4764 | D:6      | Reached XP level 8. HP: 63/66 MP: 8/8
  4776 | D:6      | Reached skill level 8 in Bows
  4867 | D:6      | Found a white marble altar of Elyvilon.
  5161 | D:6      | Found a glowing golden altar of the Shining One.
  5162 | D:6      | Found a glowing silver altar of Zin.
  5346 | D:6      | Found a burning altar of Makhleb.
  5530 | D:6      | Reached skill level 9 in Bows
  5594 | D:7      | Reached skill level 1 in Shields
  5597 | D:7      | Reached XP level 9. HP: 37/73 MP: 9/9
  5599 | D:7      | Reached skill level 5 in Fighting
  5617 | D:7      | HP: 2/74 [something (3)]
  5618 | D:7      | Killed from afar by an orc wizard

Illustrated notes

Levels and vault maps discovered:
D:1:      minmay_arrival_four_circles, layout_basic, minmay_hexomino_c4
D:2:      layout_loops_corners, corner_web_ring, st_stairs_10,
          minmay_stone_trees_large, kennysheep_nondescript,
          minmay_misc_feat_enclosed
D:3:      layout_basic, grunt_temple_overflow_open, uniq_ijyb
D:4:      layout_loops_cross, serial_shops, kennysheep_mini_moat,
          kennysheep_generic_room_8, uniq_menkaure
D:5:      layout_loops_cross, mainiacjoe_overflow_surrounded_room,
          mainiacjoe_overflow_boulevard, ebering_ghost_sewer_f
D:6:      layout_rooms, good_gods_temple_1, makhleb_grotto_becter
D:7:      layout_rooms, overflow_temple_1_default, lemuel_round_altar,
          minmay_temple_entry_purple_smoke

Skill      XL: |  1  2  3  4  5  6  7  8  9 |
---------------+----------------------------+-----
Bows           | 4 5 6 7 9 |  9.1
Stealth        | 1 2 |  2.0
Fighting       | 3 4 5 |  5.0
Long Blades    | 1 2 3 4 |  4.5
Dodging        | 2 3 |  3.6
Shields        | 1 |  1.1
Short Blades   | |  0.5

Action                   |  1- 3 |  4- 6 |  7- 9 || total
-------------------------+-------+-------+-------++-------
Melee: Short sword       |     7 |       |       ||     7
       Dagger            |    21 |     6 |       ||    27
       Tailslap          |     3 |     6 |    12 ||    21
       Long sword        |       |    37 |   100 ||   137
       Punch             |       |       |     1 ||     1
 Fire: Shortbow          |    63 |    84 |   114 ||   261
 Abil: Breathe Dispellin |       |       |     2 ||     2
  Use: Scroll            |     3 |     8 |     4 ||    15
       Potion            |       |       |     6 ||     6
 Stab: Sleeping          |       |     1 |       ||     1
Armor: Skin              |     5 |    10 |    50 ||    65
Dodge: Dodged            |    18 |    27 |   101 ||   146
Block: Other             |       |       |    33 ||    33
